 Dungeon Crawl Stone Soup version 0.27.1-35-g4d5d836560 (webtiles) character file.

Game seed: 6564127654058691338

70 Delamore the Sneak (level 4, 18/18 HPs)
             Began as a Felid Hedge Wizard on Mar 1, 2022.
             Was a Follower of Uskayaw.
             Quit the game on level 5 of the Dungeon.
             The game lasted 00:07:22 (4642 turns).

Delamore the Sneak (Felid Hedge Wizard)             Turns: 4642, Time: 00:07:22

Health: 18/18      AC:  5    Str:  6    XL:     4   Next: 3%
Magic:  10/10      EV: 17    Int: 17    God:    Uskayaw [*.....]
Gold:   186        SH:  0    Dex: 15    Spells: 7/10 levels left
                                        Lives:  0   Deaths: 1

rFire    . . .     SeeInvis +   (weapon unavailable)
rCold    . . .     Faith    .   (shield unavailable)
rNeg     . . .     Spirit   .   (armour unavailable)
rPois    .         Reflect  .   (helmet unavailable)
rElec    .         Harm     .   (cloak unavailable)
rCorr    .         Rampage  .   (gloves unavailable)
Will     .....                  (boots unavailable)
Stlth    +++.......             (no amulet)
HPRegen  0.06/turn              d - +4 ring of protection
MPRegen  0.12/turn              (no ring)

@: quick
A: very small, claws 1, fangs 3, see invisible, speed 1, shaggy fur 1, stealthy
paws, no weapons or thrown items, no armour, multi-lived
a: Renounce Religion, Stomp


You were on level 5 of the Dungeon.
You worshipped Uskayaw.
Uskayaw was noncommittal.
You visited 1 branch of the dungeon, and saw 5 of its levels.

You collected 186 gold pieces.

Inventory:

Jewellery
 a - a +4 ring of evasion
 d - a +4 ring of protection (left paw)
Wands
 c - a wand of paralysis (7)
Scrolls
 b - a scroll of vulnerability
 f - 2 scrolls of enchant armour
 g - a scroll of immolation
 h - a scroll of fear
 j - a scroll of acquirement {unknown}
Potions
 e - a potion of magic {unknown}
 i - a potion of lignification {unknown}
 k - 2 potions of brilliance {unknown}
 l - a potion of invisibility {unknown}
 m - a potion of heal wounds {unknown}
 n - a potion of berserk rage {unknown}
 o - a potion of attraction {unknown}


   Skills:
 + Level 3.1 Dodging
 * Level 6.1 Stealth
 + Level 3.8 Spellcasting
 + Level 1.1 Conjurations
 - Level 1.0 Summonings
 - Level 1.5 Translocations


You had 7 spell levels left.
You knew the following spells:

 Your Spells              Type           Power      Damage    Failure   Level
a - Magic Dart            Conj           28%        1d4       10%         1
b - Blink                 Tloc           N/A        N/A       13%         2

Your spell library contained the following spells:

 Spells                   Type           Power      Damage    Failure   Level
 Call Imp                 Summ           6%         N/A       16%         2
 Slow                     Hex            3%         N/A       24%         2
 Conjure Flame            Conj/Fire      5%         6-21      36%         3
 Mephitic Cloud           Conj/Pois/Air  4%         N/A       38%         3


Dungeon Overview and Level Annotations

Branches:
Dungeon (5/15)
 Temple: D:4-7

Altars:
Uskayaw


Innate Abilities, Weirdness & Mutations

You have sharp claws.
You have razor-sharp teeth.
You have supernaturally acute eyesight. (SInv)
You cover ground quickly. (Speed+)
You are covered in fur. (AC +1)
Your paws help you pounce on unaware monsters.
You are incapable of wielding weapons or throwing items.
You cannot wear armour.
You gain extra lives every three experience levels.


Message History

Aiming: Magic Dart (safe; 10% risk of failure)
Press: ? - help, Shift-Dir - straight line, f/p - scorpion
Aim: a scorpion (heavily wounded, 100% to hit)
The magic dart hits the scorpion but does no damage.
The scorpion is heavily wounded.
* * * LOW HITPOINT WARNING * * *
You feel very sick. The scorpion closely misses you.
Casting: Magic Dart (safe; 10% risk of failure)
Confirm with . or Enter, or press ? or * to list all spells.
Aiming: Magic Dart (safe; 10% risk of failure)
Press: ? - help, Shift-Dir - straight line, f/p - scorpion
Aim: a scorpion (heavily wounded, 100% to hit)
The magic dart hits the scorpion but does no damage.
The scorpion is heavily wounded.
* * * LOW HITPOINT WARNING * * *
You feel sick. The scorpion barely misses you.
Casting: Magic Dart (safe; 10% risk of failure)
Confirm with . or Enter, or press ? or * to list all spells.
Aiming: Magic Dart (safe; 10% risk of failure)
Press: ? - help, Shift-Dir - straight line, f/p - scorpion
Aim: a scorpion (heavily wounded, 100% to hit)
The magic dart hits the scorpion but does no damage.
The scorpion is heavily wounded.
* * * LOW HITPOINT WARNING * * *
You feel sick.
The scorpion stings you but does no damage.
The scorpion closely misses you.
Casting: Magic Dart (safe; 10% risk of failure)
Confirm with . or Enter, or press ? or * to list all spells.
Aiming: Magic Dart (safe; 10% risk of failure)
Press: ? - help, Shift-Dir - straight line, f/p - scorpion
Aim: a scorpion (heavily wounded, 100% to hit)
The magic dart hits the scorpion.
The scorpion is heavily wounded.
You die...
You feel sick. The scorpion completely misses you.
You are now level 4!
You rejoin the land of the living...
Are you sure you want to abandon this character and quit the game? (Confirm with "yes".)

##########
##+##...#....#
#..#....#....#
+@.+....#....#
#..#....#....#####
#..# #.s#........#
#..###.†#####....#
#...#.......#....#
#...#.......'....#
#+####..##..#....#
#..##..#....#
.....#..#....#


There were no monsters in sight!

Vanquished Creatures
  An orc wizard (D:4)
  4 adders
  A shadow imp (D:3)
  A worm (D:3)
  2 dart slugs
  4 orcs (D:4)
  5 endoplasms
  3 giant cockroaches
  4 goblins
  4 hobgoblins
  4 quokkas
  7 ball pythons
  8 bats
  2 frilled lizards
  9 kobolds
  4 rats
63 creatures vanquished.

Vanquished Creatures (others)
  3 fungi (D:2)
  3 plants (D:2)
6 creatures vanquished.

Grand Total: 69 creatures vanquished

Notes
Turn   | Place    | Note
-------+----------+-------------------------------------------
     0 | D:1      | Delamore the Felid Hedge Wizard began the quest for the
                  | Orb.
     0 | D:1      | Reached XP level 1. HP: 7/7 MP: 5/5
    81 | D:1      | Reached skill level 3 in Stealth
   238 | D:1      | Reached XP level 2. HP: 11/11 MP: 7/7
   995 | D:1      | Reached skill level 4 in Stealth
  1439 | D:1      | Reached XP level 3. HP: 14/14 MP: 8/8
  1693 | D:2      | Found a faded altar of an unknown god.
  1824 | D:2      | Became a worshipper of Uskayaw the Reveller
  1824 | D:2      | Reached * piety under Uskayaw
  1890 | D:2      | You fall into a shaft and drop 2 floors!
  1894 | D:4      | Noticed a necrophage
  1966 | D:3      | Reached ** piety under Uskayaw
  2267 | D:3      | Reached skill level 5 in Stealth
  2590 | D:3      | Reached XP level 4. HP: 9/18 MP: 10/10
  2590 | D:3      | Reached *** piety under Uskayaw
  3173 | D:3      | Learned a level 2 spell: Blink
  3791 | D:4      | Reached skill level 6 in Stealth
  3791 | D:4      | Reached skill level 1 in Conjurations
  4254 | D:4      | Reached XP level 5. HP: 5/21 MP: 9/11
  4588 | D:5      | Entered Level 5 of the Dungeon
  4640 | D:5      | HP: 1/21 [poisoned by a scorpion]
  4641 | D:5      | Succumbed to a scorpion's poison
  4642 | D:5      | Reached XP level 4. HP: -1/18 MP: 5/10
  4642 | D:5      | Quit the game

Illustrated notes

Levels and vault maps discovered:
D:1:      dpeg_arrival_pits, layout_loops_ring, minmay_indecisive_spiral
D:2:      layout_basic, dreamdust_ecumenical_altar_grove
D:3:      layout_rooms, grunt_ministairs_4, kennysheep_generic_room_7
D:4:      layout_basic, mainiacjoe_overflow_small_starburst, tgw_kikubaaqudgha,
          uniq_menkaure, uniq_duvessa, uniq_robin
D:5:      layout_gridville, goddamned_bats

Skill      XL: |  1  2  3  4 |
---------------+-------------+-----
Stealth        | 3 4 5 6 |  6.1
Dodging        | 3 |  3.1
Conjurations   | 1 |  1.1
Spellcasting   | |  3.8
Summonings     | |  1.0
Translocations | |  1.5

Action                   |  1- 3 |  4- 6 || total
-------------------------+-------+-------++-------
Melee: Unarmed           |   131 |    54 ||   185
       Bite              |     7 |     8 ||    15
 Cast: Magic Dart        |    54 |    44 ||    98
Invok: Stomp             |       |     1 ||     1
  Use: Scroll            |       |     5 ||     5
 Stab: Sleeping          |    12 |     5 ||    17
       Paralysed         |       |     1 ||     1
Armor: Skin              |    42 |    16 ||    58
Dodge: Dodged            |   170 |    39 ||   209
